 Dungeon Crawl Stone Soup version 0.28-a0-172-g787e458d71 (webtiles) character file.

Game seed: 15533328226694741939

22 hatdisgam the Chiller (level 2, -2/15 HPs)
             Began as a Gargoyle Ice Elementalist on Aug 17, 2021.
             Frozen to death by an endoplasm (4 damage)
             ... on level 2 of the Dungeon.
             The game lasted 00:01:27 (1127 turns).

hatdisgam the Chiller (Gargoyle Ice Elementalist)   Turns: 1127, Time: 00:01:27

Health: -2/15      AC:  4    Str: 11    XL:     2   Next: 91%
Magic:  5/5        EV: 11    Int: 15    God:
Gold:   0          SH:  0    Dex: 10    Spells: 4/5 levels left

rFire   . . .      SeeInvis .   d - +0 dagger (distort)
rCold   . . .      Faith    .   (no shield)
rNeg    + . .      Spirit   .   a - +0 robe
rPois   ∞          Reflect  .   (no helmet)
rElec   +          Harm     .   (no cloak)
rCorr   .          Rampage  .   (no gloves)
Will    .....                   (no boots)
Stlth   ++........              (no amulet)
HPRegen 0.05/turn               (no ring)
MPRegen 0.09/turn               (no ring)

@: no status effects
A: sickness immunity, AC +2, negative energy resistance 1, electricity
resistance, torment resistance 1, petrification resistance
a: no special abilities


You were on level 2 of the Dungeon.
You visited 1 branch of the dungeon, and saw 2 of its levels.

Inventory:

Hand Weapons
 d - a +0 dagger of distortion (weapon)
Armour
 a - a +0 robe (worn)
Scrolls
 b - 2 scrolls of identify {unknown}
 c - a scroll of enchant weapon {unknown}


   Skills:
 - Level 1.5 Dodging
 - Level 2.1 Stealth
 + Level 2.3 Spellcasting
 * Level 4.6 Ice Magic


You had 4 spell levels left.
You knew the following spells:

 Your Spells              Type           Power      Damage    Failure   Level
a - Freeze                Ice            60%        1d8       3%          1

Your spell library contained the following spells:

 Spells                   Type           Power      Damage    Failure   Level
 Frozen Ramparts          Ice            30%        1d5       10%         3
 Ozocubu's Armour         Ice            15%        N/A       10%         3
 Hailstorm                Conj/Ice       8%         3d4       63%         4


Dungeon Overview and Level Annotations

Branches:
Dungeon (2/15)

Altars:

Shops:
D:1 [

Annotations:
D:2 Natasha


Innate Abilities, Weirdness & Mutations

You are immune to sickness and miasma.
Your stone body is resilient. (AC +2)
You are immune to poison.
You resist negative energy. (rN+)
You are resistant to electric shocks. (rElec)
You are resistant to unholy torment.
You are immune to petrification.


Message History

An endoplasm comes into view.
An endoplasm is nearby!
An endoplasm is nearby!
An endoplasm is nearby!
A rat comes into view.
Natasha, Servant of Life and Death comes into view.
Natasha hisses angrily.
The endoplasm quivers.
An adder comes into view.
The adder hisses angrily.
The rat bites you.
The adder moves out of view.
Found 11 gold pieces.
You miss Natasha.
Natasha mumbles some strange words.
Natasha shimmers violently.
Natasha closely misses you.
The endoplasm hits you but does no damage.
The rat barely misses you.
You barely miss Natasha. Natasha claws you. The endoplasm hits you.
The rat bites you but does no damage.
You hit Natasha.
Space bends around Natasha.
Natasha is moderately wounded.
Natasha claws you.
The endoplasm hits you but does no damage.
The rat bites you but does no damage.
You are too injured to fight recklessly!
You are too injured to fight recklessly!
You are too injured to fight recklessly!
You are too injured to fight recklessly!
Unknown command.
Natasha mumbles some strange words.
You feel disoriented. The endoplasm freezes you.
You are frozen.
* * * LOW HITPOINT WARNING * * *
There is a stone staircase leading up here.
Natasha barely misses you. The endoplasm freezes you.
You are frozen.
You die...

##. #.. ###
###.####### #.##
#.......... #..#
#.......... ##.#
#.......... #.##
###.......... #..##
#....@.......#
##..###....hJ####.##
##..###...S.r.....##
##.# #..##........#
#.###.#####...#..#
####.....### ##.....
##...........# .....
##.........##.# ....
#.........## .. $.


You could see Natasha, an adder, an endoplasm and a rat.

Vanquished Creatures
  2 ball pythons (D:1)
  3 bats (D:1)
  2 giant cockroaches (D:1)
  2 goblins (D:1)
  3 hobgoblins (D:1)
  4 jackals (D:1)
  A quokka (D:1)
  A rat (D:1)
18 creatures vanquished.

Notes
Turn   | Place    | Note
-------+----------+-------------------------------------------
     0 | D:1      | hatdisgam the Gargoyle Ice Elementalist began the quest for
                  | the Orb.
     0 | D:1      | Reached XP level 1. HP: 10/10 MP: 3/3
   336 | D:1      | Reached XP level 2. HP: 13/15 MP: 1/5
   900 | D:1      | Found Qosch's Armour Boutique.
  1118 | D:2      | Noticed Natasha
  1127 | D:2      | Frozen to death by an endoplasm

Illustrated notes

Levels and vault maps discovered:
D:1:      dpeg_arrival_simpleton_c, layout_loops_ring, serial_shops, shop,
          minmay_misc_feat_alley, solitary_fountain, grunt_decor_resistance
D:2:      layout_rooms, minmay_rat_hole, uniq_natasha

Action                   || total
-------------------------++-------
Melee: Unarmed           ||    27
       Dagger            ||    18
 Cast: Freeze            ||    19
 Stab: Sleeping          ||     2
Armor: Robe              ||    31
Dodge: Dodged            ||    42

Table legend: (Time is in decaauts)
 A = Elapsed time spent in this place.
 B = Non-inter-level travel time spent in this place.
 C = Inter-level travel time spent in this place.
 D = Time resting spent in this place.
 E = Time spent auto-exploring this place.
 F = Levels seen in this place.
 G = Mean time per level.
                   A        B        C        D        E       F      G
               +--------+--------+--------+--------+--------+-----+--------+
         Total |   1126 |   1104 |     22 |     42 |    908 |   2 |  563.0 |
       Dungeon |   1126 |   1104 |     22 |     42 |    908 |   2 |  563.0 |
               +--------+--------+--------+--------+--------+-----+--------+

Top non-repeatable levels by time:
     D:1: 1085 daAuts
     D:2: 40 daAuts
